 Dungeon Crawl Stone Soup version 0.29-a0-477-g62b78b4225 (webtiles) character file.

Game seed: 15886956057628435859

664 dabmancer the Thaumaturge (level 7, 0/48 HPs)
             Began as a Spriggan Hedge Wizard on May 24, 2022.
             Succumbed to a scorpion's poison
             ... on level 5 of the Dungeon.
             The game lasted 00:24:10 (8590 turns).

dabmancer the Thaumaturge (Spriggan Hedge Wizard)   Turns: 8590, Time: 00:24:11

Health: 0/48       AC:  2    Str:  6    XL:     7   Next: 31%
Magic:  15/19      EV: 18    Int: 18    God:
Gold:   327        SH:  0    Dex: 14    Spells: 11/22 levels left

rFire   . . .      SeeInvis +   a - +0 dagger
rCold   . . .      Faith    .   (no shield)
rNeg    . . .      Spirit   .   b - +0 robe
rPois   .          Reflect  .   c - +0 hat
rElec   .          Harm     .   (no cloak)
rCorr   .          Rampage  .   (gloves unavailable)
Will    +....                   (boots unavailable)
Stlth   ..........              (no amulet)
HPRegen 0.16/turn               (no ring)
MPRegen 0.16/turn               (no ring)

@: berserking, lethally poisoned (0 -> -23), very quick
A: very small, no large weapons, unfitting armour, see invisible, speed 3
a: no special abilities


You were on level 5 of the Dungeon.
You visited 1 branch of the dungeon, and saw 5 of its levels.

You collected 327 gold pieces.

Inventory:

Hand Weapons
 a - a +0 dagger (weapon)
 p - a +0 hunting sling
 q - a +2 flail of protection
 v - a +4 short sword of freezing
Missiles
 m - 128 stones
Armour
 b - a +0 robe (worn)
 c - a +0 hat (worn)
 s - an orb of guile
Magical Staves
 u - a staff of poison
Scrolls
 e - a scroll of magic mapping {unknown}
 f - a scroll of vulnerability {unknown}
 h - a scroll of identify {unknown}
 i - a scroll of immolation {unknown}
 o - 3 scrolls of teleportation {unknown}
 r - 2 scrolls of fear {unknown}
 t - a scroll of enchant armour {unknown}
Potions
 d - a potion of magic
 g - a potion of heal wounds {unknown}
 j - a potion of berserk rage
 k - 2 potions of curing {unknown}
 l - a potion of lignification {unknown}
 n - 2 potions of mutation {unknown}


   Skills:
 - Level 0.1(0.8) Slings
 + Level 1.1 Throwing
 + Level 3.7 Dodging
 + Level 3.7 Stealth
 + Level 8.0 Spellcasting
 + Level 3.1 Conjurations
 + Level 1.2 Summonings
 + Level 2.2 Translocations


You had 11 spell levels left.
You knew the following spells:

 Your Spells              Type           Power      Damage    Failure   Level
a - Magic Dart            Conj           72%        1d6       2%          1
b - Blink                 Tloc           30%        N/A       6%          2
c - Call Imp              Summ           11%        N/A       9%          2
d - Conjure Flame         Conj/Fire      12%        6-21      16%         3
e - Call Canine Familiar  Summ           11%        N/A       19%         3

Your spell library contained the following spells:

 Spells                   Type           Power      Damage    Failure   Level
 Apportation              Tloc           30%        N/A       3%          1
 Freeze                   Ice            28%        1d5       10%         1
 Slow                     Hex            28%        N/A       10%         1
 Mephitic Cloud           Conj/Pois/Air  11%        N/A       19%         3
 Portal Projectile        Hex/Tloc       22%        N/A       19%         3
 Frozen Ramparts          Ice            14%        1d3       28%         3
 Hailstorm                Conj/Ice       12%        3d5       45%         4
 Leda's Liquefaction      Hex/Erth       3%         N/A       67%         4
 Alistair's Intoxication  Tmut/Pois      4%         N/A       95%         5


Dungeon Overview and Level Annotations

Branches:
Dungeon (5/15)
 Temple: D:4-7

Altars:
Kikubaaqudgha
Qazlal
Ru
Yredelemnul
The Shining One


Innate Abilities, Weirdness & Mutations

You are very small and have problems with some larger weapons.
You are too small for most types of armour.
You have supernaturally acute eyesight. (SInv)
You cover ground extremely quickly. (Speed+++)


Message History

The scorpion misses you. x2
You hit the scorpion but do no damage.
The scorpion is severely wounded.
The scorpion completely misses you.
You hit the scorpion but do no damage.
The scorpion is severely wounded.
The scorpion stings you.
You are poisoned.
The scorpion poisons you!
You hit the scorpion.
The scorpion is almost dead.
You feel very sick. The scorpion barely misses you.
You barely miss the scorpion.
The scorpion is almost dead.
You feel very sick. The scorpion stings you.
You are lethally poisoned!
The scorpion poisons you!
You closely miss the scorpion.
The scorpion is almost dead.
You feel very sick. The scorpion stings you.
You are more poisoned.
The scorpion poisons you! The scorpion closely misses you.
* * * LOW HITPOINT WARNING * * *
You feel very sick.
You are too injured to fight recklessly!
You are too injured to fight recklessly!
It was a potion of berserk rage.
A red film seems to cover your vision as you go berserk!
You feel yourself moving faster!
You feel mighty!
* * * LOW HITPOINT WARNING * * *
You feel extremely sick. The scorpion closely misses you.
Unknown command.
You are too berserk!
You hit the scorpion.
You kill the scorpion!
You die...

#..)#####..#
...........## ####
..### .........###
.#...# ........##
### ......#
........# ##.#
.......##
#....##.###...
........## ##..#
#..#....
..)......## ###
##......
...........##
##......
..........@..##
##.......
...............#
#........
................#
#.........
................#
#.........
..............>..#
##........
.................#
##)......
.................#
##......
...............###
##.....
.............###
##...#


There were no monsters in sight!

Vanquished Creatures
  A phantom (D:4)
  A scorpion (D:5)
  4 hounds
  A jelly (D:4)
  9 gnolls (D:3)
  8 adders
  5 river rats (D:4)
  An ufetubus (D:4)
  A worm (D:4)
  A dart slug (D:1)
  6 endoplasms
  A giant cockroach (D:4)
  30 goblins
  21 hobgoblins
  13 jackals
  A quokka (D:3)
  6 ball pythons
  5 bats
  2 frilled lizards
  8 kobolds
  7 rats
132 creatures vanquished.

Vanquished Creatures (collateral kills)
  An ogre (D:4)
  A river rat (D:4)
  An endoplasm (D:2)
3 creatures vanquished.

Vanquished Creatures (others)
  A hobgoblin (D:3)
1 creature vanquished.

Grand Total: 136 creatures vanquished

Notes
Turn   | Place    | Note
-------+----------+-------------------------------------------
     0 | D:1      | dabmancer the Spriggan Hedge Wizard began the quest for the
                  | Orb.
     0 | D:1      | Reached XP level 1. HP: 9/9 MP: 6/6
    11 | D:1      | You fall into a shaft and drop 1 floor!
    75 | D:2      | Found a glowing golden altar of the Shining One.
   172 | D:2      | Reached XP level 2. HP: 13/13 MP: 0/8
   308 | D:2      | Learned a level 2 spell: Blink
   311 | D:2      | Learned a level 2 spell: Call Imp
   538 | D:2      | Reached skill level 5 in Spellcasting
   726 | D:2      | Reached skill level 1 in Conjurations
   726 | D:2      | Reached XP level 3. HP: 16/16 MP: 0/10
  1845 | D:1      | Reached XP level 4. HP: 21/21 MP: 9/12
  4187 | D:3      | Reached XP level 5. HP: 24/24 MP: 11/14
  4363 | D:3      | Reached skill level 6 in Spellcasting
  5781 | D:3      | Learned a level 3 spell: Conjure Flame
  6078 | D:4      | Reached XP level 6. HP: 28/28 MP: 8/16
  6530 | D:4      | Reached skill level 7 in Spellcasting
  6753 | D:4      | Reached skill level 1 in Summonings
  7445 | D:4      | Reached XP level 7. HP: 32/32 MP: 13/19
  7667 | D:4      | Reached skill level 1 in Throwing
  8157 | D:5      | Entered Level 5 of the Dungeon
  8201 | D:5      | Reached skill level 8 in Spellcasting
  8449 | D:5      | Found a stormy altar of Qazlal.
  8452 | D:5      | Found a basalt altar of Yredelemnul.
  8455 | D:5      | Found an ancient bone altar of Kikubaaqudgha.
  8518 | D:5      | Found a sacrificial altar of Ru.
  8568 | D:5      | Learned a level 3 spell: Call Canine Familiar
  8590 | D:5      | Succumbed to a scorpion's poison

Illustrated notes

Levels and vault maps discovered:
D:1:      lemuel_arrival_funnel, layout_basic
D:2:      layout_loops_ring, basic_altar
D:3:      minmay_goblin_kobold_castle, layout_basic
D:4:      layout_basic, lightli_sewer_entry_pipes
D:5:      layout_cave_pods, grunt_temple_overflow_cloverleaf

Skill      XL: |  1  2  3  4  5  6  7 |
---------------+----------------------+-----
Spellcasting   | 5 6 7 8 |  8.0
Conjurations   | 1 2 3 |  3.1
Dodging        | 3 |  3.7
Summonings     | 1 |  1.2
Translocations | 2 |  2.2
Throwing       | 1 |  1.1
Slings         | |  0.1
Stealth        | |  3.7

Action                   |  1- 3 |  4- 6 |  7- 9 || total
-------------------------+-------+-------+-------++-------
Melee: Dagger            |    15 |     6 |    48 ||    69
       Flail             |       |    29 |     9 ||    38
       Punch             |       |       |     1 ||     1
 Fire: Hunting sling     |       |    12 |       ||    12
Throw: Stone             |       |    20 |       ||    20
       Throwing net      |       |     2 |       ||     2
 Cast: Magic Dart        |    92 |   303 |    41 ||   436
       Blink             |     1 |     5 |       ||     6
       Call Imp          |     1 |     3 |     1 ||     5
  Use: Potion            |       |       |     1 ||     1
Armor: Robe              |     7 |     9 |     3 ||    19
Dodge: Dodged            |    22 |    80 |    60 ||   162

Table legend: (Time is in decaauts)
 A = Elapsed time spent in this place.
 B = Non-inter-level travel time spent in this place.
 C = Inter-level travel time spent in this place.
 D = Time resting spent in this place.
 E = Time spent auto-exploring this place.
 F = Levels seen in this place.
 G = Mean time per level.
                   A        B        C        D        E       F      G
               +--------+--------+--------+--------+--------+-----+--------+
         Total |   6771 |   6604 |    167 |    951 |   4206 |   5 | 1354.2 |
       Dungeon |   6771 |   6604 |    167 |    951 |   4206 |   5 | 1354.2 |
               +--------+--------+--------+--------+--------+-----+--------+

Top non-repeatable levels by time:
     D:3: 2764 daAuts
     D:4: 1678 daAuts
     D:2: 1027 daAuts
     D:1: 976 daAuts
     D:5: 324 daAuts
